Map: Chain of Ascension

Players

Darkwing

  • Race: Terran Terran
  • Spawn Location: 11:00

NamroodTuo

  • Race: Terran Terran
  • Spawn Location: 11:00

VOD

Have the link to the VOD?

Description

Time

  • Played on: Jan. 26, 2023, 10:45 a.m.
  • Length: 9:53
Show
View Real Time Build Order
Export as new Build Order

Darkwing Terran 

Build Orders:  

Get SALT Encoding   

  12  0:44  SCV  
  13  1:01  SCV  
  14  1:16  Supply Depot  
  14  1:18  Supply Depot  
  14  1:19  Supply Depot  
  14  1:27  Refinery  
  14  1:28  SCV  
  14  1:29  Refinery  
  15  1:45  SCV  
  16  2:02  Barracks, SCV  
  17  2:19  SCV  
  18  2:36  SCV  
  18  2:39  Barracks Tech Lab  
  19  2:41  Unknown  
  19  2:53  SCV  
  20  3:10  SCV  
  21  3:20  Marine  
  21  3:27  SCV  
  23  3:30  Marine  
  24  3:40  Marine  
  24  3:44  SCV  
  26  3:50  Marine  
  27  4:01  SCV, Marine  
  22  4:11  Marine  
  22  4:17  SCV  
  22  4:31  Concussive Shells  
  14  5:30  Incinerator Gauntlets  
  14  5:46  Marine  
  15  5:56  Marine  
  16  6:06  Marine  
  17  6:17  Marine  
  18  6:27  Marine  
  18  6:30  Juggernaut Plating  
  19  7:17  SCV  
  20  7:23  Marine  
  21  7:33  Stabilizer Medpacks  
  21  7:34  SCV, Marauder  
  24  7:47  Firebat  
  24  7:49  Engineering Bay  
  26  7:51  SCV  
  26  7:59  Medic  
  27  8:08  SCV  
  27  8:09  Marine  
  30  8:19  Marine  
  31  8:25  SCV  
  52  8:30  Marine  
  34  8:40  Marine  
  34  8:42  SCV  
  36  8:50  Marine  
  37  9:00  Marine  
  37  9:10  Marine  
Show
View Real Time Build Order
Export as new Build Order

NamroodTuo Terran 

Build Orders:  

Get SALT Encoding   

  12  0:03  SCV  
  13  0:24  SCV  
  14  0:38  SCV  
  15  0:46  Supply Depot  
  15  0:59  SCV, Factory  
  16  1:13  SCV  
  17  1:26  SCV  
  18  1:37  Perdition Turret  
  18  1:40  SCV  
  18  1:47  Perdition Turret  
  19  1:53  SCV  
  20  2:07  SCV  
  20  2:09  Perdition Turret  
  21  2:19  Supply Depot  
  21  2:21  SCV  
  22  2:42  Perdition Turret  
  22  2:45  Perdition Turret  
  22  2:57  Devastation Turret  
  22  3:01  Perdition Turret  
  22  3:11  Devastation Turret  
  22  3:30  Devastation Turret  
  22  3:58  Devastation Turret  
  22  4:07  SCV  
  22  4:13  Devastation Turret  
  22  4:14  Perdition Turret  
  22  4:16  Perdition Turret x2  
  22  4:32  SCV  
  23  4:46  SCV  
  23  4:47  Refinery  
  24  4:50  Refinery  
  24  4:59  SCV  
  25  5:32  Devastation Turret  
  25  5:45  Factory Tech Reactor  
  25  5:52  SCV  
  26  6:06  SCV  
  26  6:08  Armory  
  27  6:19  SCV  
  28  6:33  SCV  
  28  6:38  Devastation Turret  
  29  6:44  Devastation Turret  
  29  6:46  SCV  
  30  6:55  Devastation Turret  
  30  7:00  SCV  
  31  7:23  Supply Depot  
  31  7:38  SCV  
  32  7:55  Engineering Bay  
  32  8:02  SCV  
  33  8:15  SCV  
  33  8:18  Supply Depot  
  34  8:20  Supply Depot  
  34  8:29  SCV  
  35  8:42  SCV  
  35  8:46  Devastation Turret  
  36  8:56  SCV  
  37  9:26  Supply Depot  
  37  9:27  Supply Depot  
Tags
 
Commander
RaynorSwann
Matchup
Co-op
Replay Pack
Multiplayer
Add a new tag
Caveats
  • Supply blocks, unpowered buildings, or Contaminate may cause inaccurate times.
  • Supply counts are checked every 10 seconds.